 Dungeon Crawl Stone Soup version 0.21.1-1-g345015f (webtiles) character file.

429 goulibeur the Distorting Demonspawn (level 6, -1/48 HPs)
             Began as a Demonspawn Abyssal Knight on July 14, 2018.
             Was a Believer of Lugonu.
             Killed from afar by an orc wizard (6 damage)
             ... with a puff of frost
             ... on level 3 of the Dungeon.
             The game lasted 00:14:07 (3527 turns).

goulibeur the Distorting Demonspawn (DsAK)          Turns: 3527, Time: 00:14:07

Health: -1/48      AC: 13    Str: 13    XL:     6   Next: 66%
Magic:  10/10      EV:  4    Int: 13    God:    Lugonu [**....]
Gold:   157        SH:  0    Dex: 14    Spells: 5/5 levels left

rFire    . . .     SeeInvis .   a - +2 short sword
rCold    . . .     Gourm    .   (no shield)
rNeg     . . .     Faith    .   h - +0 plate armour
rPois    .         Spirit   .   (no helmet)
rElec    .         Reflect  .   (no cloak)
rCorr    .         Harm     .   (no gloves)
MR       .....                  (no boots)
Stlth    ..........             (no amulet)
HPRegen  0.16/turn              o - ring of flight
MPRegen  0.12/turn              (no ring)

@: no status effects
A: claws 1, icy blue scales 1, nightstalker 2
a: Depart the Abyss, Bend Space, Renounce Religion, Evoke Flight


You were on level 3 of the Dungeon.
You worshipped Lugonu.
Lugonu was pleased with you.
You were not hungry.

You visited 1 branch of the dungeon, and saw 6 of its levels.
You visited the Abyss 1 time.

You collected 157 gold pieces.

Inventory:

Hand Weapons
 a - a +2 short sword (weapon)
Armour
 b - a +0 leather armour
 h - a +0 plate armour (worn)
 i - a +1 ring mail of poison resistance
 j - a +1 ring mail
Jewellery
 o - a ring of flight (left claw)
Scrolls
 e - a scroll of immolation
 g - a scroll of blinking {unknown}
 k - a scroll of magic mapping
Potions
 d - 2 potions of curing
 l - a potion of degeneration
 p - a potion of haste {unknown}
Comestibles
 c - 5 rations
 f - 4 chunks of flesh


   Skills:
 + Level 4.2 Fighting
 - Level 1.7 Short Blades
 + Level 3.2 Armour
 + Level 2.8 Dodging
 * Level 6.2 Invocations


You had 5 spell levels left.
You didn't know any spells.

Dungeon Overview and Level Annotations

Branches:
Dungeon (6/15)
 Temple: D:4-7

Altars:
Qazlal

Annotations:
D:5 olivier's ghost, novice MiFi


Innate Abilities, Weirdness & Mutations

You have sharp fingernails.
You are partially covered in icy blue scales. (AC +2)
You are significantly more attuned to the shadows.


Message History

The orc wizard hits you but does no damage. x2
You hit the orc wizard.
The orc wizard is almost dead.
The orc wizard hits you but does no damage.
You closely miss the orc wizard.
The orc wizard is almost dead.
The orc wizard points at you and mumbles some strange words.
The puff of frost hits you!
* * * LOW HITPOINT WARNING * * *
The orc wizard hits you but does no damage.
You hit the orc wizard but do no damage.
The orc wizard is almost dead.
The orc wizard gestures at you while chanting.
The puff of flame hits you!
* * * LOW HITPOINT WARNING * * *
You closely miss the orc wizard.
The orc wizard is almost dead.
The orc wizard points at you and mumbles some strange words.
The puff of frost hits you!
You die...

E# #.# #.# #.# #..#.###.## ####.#
#.###.####..##...## # ..##.#
#.....(.....รท>..####### ..##.#
###########.######.....
..##.######## #.# #.####
##..........## #.# #.# #
E#.##.....[..########.######.####
##.##....#............#..........
#.###..#.#.....@o...........###<
#.# #.#._.#.##.....###.###### #.
#.# #..#.#..##.###.# #.# #. #.#
#...#........#.# #.# #. #.#
#.......##.#.#.# #.# #.
##.######.#.###.....# #.# #.
#...# #...# ###.### #.# #. #...#
###.# #.# #.# #. #...#### #.#
#.#####.# #.


You could see an orc wizard.

Vanquished Creatures
  The ghost of toffzen the Conjurer, an amateur DEFE (D:4)
  A crimson imp (D:3)
  A jelly (D:6)
  3 orc wizards
  Terence (D:2)
  3 adders
  An adder skeleton (D:3)
  3 dart slugs
  2 leopard geckos
  5 orcs
  3 giant cockroaches
  5 goblins
  4 hobgoblins (D:1)
  3 jackals (D:3)
  5 quokkas
  9 bats
  7 frilled lizards
  8 kobolds
  8 rats
73 creatures vanquished.

Notes
Turn   | Place    | Note
-------+----------+-------------------------------------------
     0 | Abyss:1  | goulibeur the Demonspawn Abyssal Knight began the quest for the Orb.
     0 | Abyss:1  | Reached XP level 1. HP: 18/18 MP: 2/2
   118 | Abyss:1  | Noticed a hungry ghost
   118 | D:1      | Escaped the Abyss
   237 | D:1      | Reached skill level 1 in Dodging
   252 | D:1      | Reached * piety under Lugonu
   470 | D:1      | Gained mutation: You are partially covered in icy blue scales. (AC +2) [demonic ancestry]
   470 | D:1      | Reached XP level 2. HP: 24/24 MP: 4/4
   480 | D:1      | Reached skill level 3 in Invocations
  1044 | D:2      | Gained mutation: You have sharp fingernails. [demonic ancestry]
  1044 | D:2      | Reached XP level 3. HP: 23/29 MP: 5/5
  1260 | D:2      | Noticed Terence
  1447 | D:2      | Killed Terence
  1447 | D:2      | Reached skill level 4 in Invocations
  1451 | D:2      | Reached XP level 4. HP: 15/35 MP: 5/7
  2106 | D:3      | Found a faded altar of an unknown god.
  2120 | D:3      | Found a stormy altar of Qazlal.
  2122 | D:3      | Noticed a fire elemental
  2124 | D:3      | Noticed an air elemental
  2124 | D:3      | Noticed an earth elemental
  2124 | D:3      | Noticed a water elemental
  2212 | D:3      | Reached ** piety under Lugonu
  2296 | D:3      | Gained mutation: You are slightly more attuned to the shadows. [demonic ancestry]
  2296 | D:3      | Reached XP level 5. HP: 39/42 MP: 8/8
  2467 | D:3      | Reached skill level 5 in Invocations
  2747 | D:4      | Noticed toffzen's ghost (amateur DEFE)
  3244 | D:4      | Killed toffzen's ghost
  3244 | D:4      | Gained mutation: You are significantly more attuned to the shadows. [demonic ancestry]
  3244 | D:4      | Reached XP level 6. HP: 30/48 MP: 8/10
  3368 | D:4      | You fall through a shaft!
  3368 | D:5      | Entered Level 5 of the Dungeon
  3407 | D:5      | Reached skill level 6 in Invocations
  3421 | D:5      | Noticed olivier's ghost (novice MiFi)
  3527 | D:3      | Killed from afar by an orc wizard

Skill      XL: |  1  2  3  4  5  6 |
---------------+-------------------+-----
Dodging        | 1 2 |  2.8
Invocations    | 3 4 5 6 |  6.2
Armour         | 2 3 |  3.2
Fighting       | 4 |  4.2
Short Blades   | |  1.7

Action                   |  1- 3 |  4- 6 || total
-------------------------+-------+-------++-------
Melee: Short sword       |   152 |   292 ||   444
Invok: Depart the Abyss  |     1 |       ||     1
  Use: Scroll            |     7 |     3 ||    10
       Potion            |       |     1 ||     1
  Eat: Chunk             |     2 |     4 ||     6
       Ration            |       |     1 ||     1
Armor: Leather armour    |     7 |       ||     7
       Ring mail         |    39 |       ||    39
       Plate armour      |    53 |   273 ||   326
Dodge: Dodged            |    61 |    47 ||   108
